 Dungeon Crawl Stone Soup version 0.28-a0-938-gbc3f381ebc (webtiles) character file.

Game seed: 15653994246338110967

102 Decritt the Covered (level 4, -1/40 HPs)
             Began as a Minotaur Fighter on Nov 28, 2021.
             Slain by Duvessa (7 damage)
             ... on level 4 of the Dungeon.
             The game lasted 00:03:06 (1776 turns).

Decritt the Covered (Minotaur Fighter)              Turns: 1776, Time: 00:03:07

Health: -1/40      AC:  8    Str: 21    XL:     4   Next: 49%
Magic:  0/3        EV: 14    Int:  5    God:
Gold:   77         SH:  4    Dex: 10    Spells: 3/3 levels left

rFire   . . .      SeeInvis .   a - +0 war axe
rCold   . . .      Faith    .   c - +0 buckler
rNeg    . . .      Spirit   +   b - +0 scale mail
rPois   +          Reflect  .   (helmet restricted)
rElec   .          Harm     .   o - +0 cloak
rCorr   .          Rampage  .   (no gloves)
Will    .....                   (no boots)
Stlth   ..........              f - amulet of guardian spirit
HPRegen 0.13/turn               m - +4 ring of evasion
MPRegen 0.08/turn               q - ring of poison resistance

@: lit by a corona, glowing
A: horns 2, retaliatory headbutt
a: no special abilities


You were on level 4 of the Dungeon.
You visited 1 branch of the dungeon, and saw 4 of its levels.

You collected 77 gold pieces.

Inventory:

Hand Weapons
 a - a +0 war axe (weapon)
Armour
 b - a +0 scale mail (worn)
 c - a +0 buckler (worn)
 o - a +0 cloak (worn)
Jewellery
 f - an amulet of guardian spirit (around neck)
 m - a +4 ring of evasion (left hand)
 q - a ring of poison resistance (right hand)
Wands
 l - a wand of polymorph (4)
Scrolls
 g - 3 scrolls of identify {unknown}
 k - a scroll of noise {unknown}
Potions
 d - a potion of might
 e - a potion of lignification {unknown}
 h - a potion of mutation {unknown}
 i - a potion of haste {unknown}
 j - 3 potions of heal wounds {unknown}
 n - a potion of curing
 p - a potion of brilliance {unknown}
 r - a potion of resistance {unknown}


   Skills:
 + Level 4.3 Fighting
 * Level 4.0 Axes
 + Level 4.3 Armour
 + Level 1.8 Dodging
 - Level 3.6 Shields


You had 3 spell levels left.
You didn't know any spells.
Your spell library was empty.

Dungeon Overview and Level Annotations

Branches:
Dungeon (3/15)

Altars:

Annotations:
D:4 Dowan, Duvessa


Innate Abilities, Weirdness & Mutations

You have a pair of horns on your head.
You reflexively headbutt those who attack you in melee.


Message History

The puff of flame misses you.
Duvessa says, "My weaknesses are his strengths!"
Dowan casts a spell at you.
You are outlined in light.
Dowan points at Duvessa and mumbles some strange words.
Duvessa seems to speed up.
Dowan smirks and points a slender finger.
Duvessa hits you with a +0 short sword! You block Duvessa's attack.
Dowan mumbles some strange words.
Dowan blinks!
You slash Duvessa!
Duvessa is moderately wounded.
You block Duvessa's attack. Duvessa hits you but does no damage.
You hit Duvessa.
Duvessa is moderately wounded.
Duvessa hits you with a +0 short sword!
Dowan casts a spell.
Dowan blinks!
Duvessa hits you with a +0 short sword!
* * * LOW HITPOINT WARNING * * *
You hit Duvessa but do no damage. You headbutt Duvessa, but do no damage.
Duvessa is moderately wounded.
Duvessa hits you with a +0 short sword.
* * * LOW HITPOINT WARNING * * *
Dowan mumbles some strange words.
Dowan blinks!
Duvessa hits you with a +0 short sword.
* * * LOW HITPOINT WARNING * * *
You block Dowan's attack.
You hit Duvessa. You headbutt Duvessa, but do no damage.
Duvessa is moderately wounded.
You slash Dowan! Duvessa hits you with a +0 short sword!
* * * LOW HITPOINT WARNING * * *
You block Dowan's attack. Duvessa closely misses you.
You slash Duvessa!
Duvessa is heavily wounded.
You barely miss Dowan.
Duvessa gestures with her weapon.
Duvessa drinks a potion.
Duvessa is healed!
Dowan barely misses you. You furiously retaliate!
You headbutt Dowan. Duvessa hits you with a +0 short sword!
You die...

#+## #..#######
+.e.......
##@###### #e#
#g# #s# ###.##
#....# ###
#....#
##.######....#
##..#....'....+


You could see Duvessa (fast), Dowan, a scorpion and a gnoll.

Vanquished Creatures
  4 adders (D:2)
  2 worms (D:2)
  2 dart slugs (D:2)
  An orc (D:4)
  5 endoplasms
  2 giant cockroaches (D:2)
  4 goblins
  5 hobgoblins
  5 jackals
  3 kobolds (D:1)
  A quokka (D:2)
  5 ball pythons
  6 bats
  3 frilled lizards
  3 rats
51 creatures vanquished.

Notes
Turn   | Place    | Note
-------+----------+-------------------------------------------
     0 | D:1      | Decritt the Minotaur Fighter began the quest for the Orb.
     0 | D:1      | Reached XP level 1. HP: 19/19 MP: 0/0
    82 | D:1      | Found a faded altar of an unknown god.
   177 | D:1      | Reached XP level 2. HP: 27/27 MP: 1/1
   271 | D:1      | Reached skill level 1 in Dodging
   818 | D:2      | Reached XP level 3. HP: 28/33 MP: 2/2
  1240 | D:2      | Reached XP level 4. HP: 31/40 MP: 3/3
  1760 | D:4      | Noticed Dowan
  1761 | D:4      | Noticed a scorpion
  1761 | D:4      | Noticed Duvessa
  1776 | D:4      | Slain by Duvessa

Illustrated notes

Levels and vault maps discovered:
D:1:      ncdulo_wetmaze, layout_loops_ring, dreamdust_ecumenical_altar_statues
D:2:      layout_loops_corners, minmay_guardbox
D:3:      layout_rooms, mainiacjoe_overflow_surrounded_room,
          amcnicky_mini_corridor_feature
D:4:      layout_basic, gup_sewer_entry_glass, minmay_misc_feat_cross,
          kennysheep_cluttered_room, st_stairs_8, uniq_eustachio, uniq_robin,
          uniq_duvessa

Skill      XL: |  1  2  3  4 |
---------------+-------------+-----
Axes           | 3 4 |  4.0
Dodging        | 1 |  1.8
Armour         | 4 |  4.3
Fighting       | 4 |  4.3
Shields        | |  3.6

Action                   |  1- 3 |  4- 6 || total
-------------------------+-------+-------++-------
Melee: War axe           |    76 |    23 ||    99
       Headbutt          |    12 |     5 ||    17
Armor: Scale mail        |    29 |     4 ||    33
Dodge: Dodged            |    45 |    18 ||    63
Block: Buckler           |    24 |     7 ||    31

Table legend: (Time is in decaauts)
 A = Elapsed time spent in this place.
 B = Non-inter-level travel time spent in this place.
 C = Inter-level travel time spent in this place.
 D = Time resting spent in this place.
 E = Time spent auto-exploring this place.
 F = Levels seen in this place.
 G = Mean time per level.
                   A        B        C        D        E       F      G
               +--------+--------+--------+--------+--------+-----+--------+
         Total |   1813 |   1722 |     91 |      0 |   1410 |   4 |  453.2 |
       Dungeon |   1813 |   1722 |     91 |      0 |   1410 |   4 |  453.2 |
               +--------+--------+--------+--------+--------+-----+--------+

Top non-repeatable levels by time:
     D:2: 1050 daAuts
     D:1: 709 daAuts
     D:4: 40 daAuts
     D:3: 13 daAuts
